 Dungeon Sprint DCSS version 0.30-a0-711-gf4ac18a38d (webtiles) character file.

Game seed: 1397595488703607175

54 rocky1 the Basher (level 6, -7/66 HPs)
             Began as a Gargoyle Gladiator on Jan 23, 2023.
             Was an Initiate of Gozag.
             Mangled by a rust devil (12 damage)
             ... in the Dungeon (Sprint VI: "Thunderdome").
             The game lasted 00:02:12 (326 turns).

rocky1 the Basher (Gargoyle Gladiator)               Turns: 326, Time: 00:02:13

Health: -7/66      AC: -9    Str: 19    XL:     6   Next: 7%
Magic:  6/6        EV:  5    Int:  9    God:    Gozag
Gold:   139        SH:  0    Dex: 11    Spells: 5/5 levels left

rFire   . . .      SeeInvis .    p - +0 flail (protect)
rCold   . . .      Faith    .    (no shield)
rNeg    + . .      Spirit   .    u - +0 plate armour
rPois   ∞          Reflect  .    c - +0 helmet
rElec   +          Harm     .    (no cloak)
rCorr   .          Rampage  .    (no gloves)
Will    .....      NoTele   +    (no boots) Stlth
                                 (no amulet)
HPRegen 0.31/turn                (no ring)
MPRegen 0.10/turn                (no ring)

@: berserking, corroded, under a protective aura, very quick
A: sickness immunity, AC +4, negative energy resistance 1, electricity
resistance, torment resistance 1, petrification resistance
a: Renounce Religion, Potion Petition, Call Merchant, Bribe Branch


You were in the Dungeon.
You worshipped Gozag.
Gozag was aware of your devotion.
You visited 1 branch You collected 793 gold pieces.
You spent 654 gold pieces at shops.

Inventory:

Hand Weapons
 p - a +0 flail of protection (weapon)
Missiles
 d - 3 throwing nets (quivered)
 e - a javelin
Armour
 b - a +0 leather armour
 c - a +0 helmet (worn)
 t - a +2 robe of willpower
 u - a +0 plate armour (worn)
Wands
 m - a wand of quicksilver (5)
 n - a wand of roots (5)
 q - a wand of digging (6)
Scrolls
 k - 4 scrolls of blinking
 o - 3 scrolls of fog
Potions
 a - 6 potions of might
 f - a potion of curing
 g - 3 potions of heal wounds
 h - 7 potions of haste
 i - 2 potions of magic
 l - 3 potions of resistance
 r - a potion of lignification {unknown}
 s - a potion of attraction {unknown}


   Skills:
 + Level 7.9 Fighting
 * Level 10.3 Maces & Flails
 - Level 1.7 Throwing
 - Level 2.4 Dodging


You had 5 spell levels left.
You didn't know any spells.
Your spell library was empty.

Dungeon Overview and Level Annotations

Branches:
Dungeon (1/1)

Altars:
Cheibriados
Dithmenos
Fedhas
Gozag
Kikubaaqudgha
Makhleb
Okawaru
Qazlal
Ru
Sif Muna
Trog
Uskayaw
Vehumet
Wu Jian
Xom
Yredelemnul
Zin
The Shining One
Lugonu

Shops:
D *[??*?*:[((!!!!


Innate Abilities, Weirdness & Mutations

You are immune to sickness and miasma.
Your stone body is resilient. (AC +4)
You are immune to poison.
You resist negative energy. (rN+)
You are resistant to electric shocks. (rElec)
You are resistant to unholy torment.
You are immune to petrification.


Message History

You hit the rust devil.
The rust devil is lightly wounded.
The rust devil hits you. The rust devil corrodes you!
You hit the rust devil.
The rust devil is lightly wounded.
The rust devil hits you. The rust devil corrodes you!
You hit the rust devil but do no damage.
The rust devil is lightly wounded.
The rust devil hits you. The rust devil corrodes you!
You barely miss the rust devil.
The rust devil is lightly wounded.
The rust devil hits you. The rust devil corrodes you!
You closely miss the rust devil.
The rust devil is lightly wounded.
The rust devil hits you. The rust devil corrodes you!
A red film seems to cover your vision as you go berserk!
You feel yourself moving faster!
You feel mighty! The rust devil hits you. The rust devil corrodes you!
The rust devil barely misses you.
You hit the rust devil.
The rust devil is moderately wounded.
You hit the rust devil.
The rust devil is moderately wounded.
The rust devil hits you! The rust devil corrodes you! The rust devil hits you!
The rust devil corrodes you!
You hit the rust devil but do no damage.
The rust devil is moderately wounded.
The rust devil hits you!
* * * LOW HITPOINT WARNING * * *
The rust devil corrodes you! The rust devil hits you.
* * * LOW HITPOINT WARNING * * *
The rust devil corrodes you!
You barely miss the rust devil.
The rust devil is moderately wounded.
You hit the rust devil but do no damage.
The rust devil is moderately wounded.
The rust devil hits you.
* * * LOW HITPOINT WARNING * * *
The rust devil corrodes you! The rust devil hits you!
You die...
Your body crumbles into a pile of gold.

#.............###.............##
###∩........8.# #.8........∩###
##∩.__......###......___∩##
######.8.........8.######
#⌠...........⌠# ###.........###
#_......._# #_....44.)#
#_....@.._# #∩.......∩#
##∩.....∩## ##.....## ##⌠⌠⌠##
#####


You could see 2 rust devils.

Vanquished Creatures
  Sigmund (D)
  Jessica (D)
  Terence (D)
  2 adders (D)
  An endoplasm (D)
  2 hobgoblins (D)
  A kobold (D)
  A ball python (D)
  A rat (D)
11 creatures vanquished.

Notes
Turn   | Place    | Note
-------+----------+-------------------------------------------
     0 | D        | rocky1 the Gargoyle Gladiator began the quest for the Orb.
     0 | D        | Reached XP level 1. HP: 12/12 MP: 1/1
     4 | D        | Found an ornate altar of the Wu Jian Council.
     4 | D        | Found a shimmering altar of Xom.
     5 | D        | Found a stormy altar of Qazlal.
     5 | D        | Found a snail-covered altar of Cheibriados.
     5 | D        | Round 1.
     6 | D        | Found a bloodstained altar of Trog.
     7 | D        | Found Nanyugih's Identification Station.
     7 | D        | Found a glowing golden altar of the Shining One.
     7 | D        | Found a blossoming altar of Fedhas.
     8 | D        | Found a shimmering blue altar of Sif Muna.
     9 | D        | Found Sotty's Premium Goods.
    10 | D        | Found Esikhluir's Miscellaneous Merchandise.
    10 | D        | Found Guczammu's Basic Armour.
    11 | D        | Found a hide-covered altar of Uskayaw.
    11 | D        | Found an ancient bone altar of Kikubaaqudgha.
    11 | D        | Found Vopeq's Weapon Rack.
    17 | D        | Found a corrupted altar of Lugonu.
    20 | D        | Found a glowing silver altar of Zin.
    21 | D        | Found Idieduth's Do-It-Yourself Clinic.
    22 | D        | Found Neqah's Bottled Wisdom.
    22 | D        | Found Femit's Distillery.
    23 | D        | Found a basalt altar of Yredelemnul.
    23 | D        | Found a radiant altar of Vehumet.
    23 | D        | Found Tihis's Distillery.
    27 | D        | Found a shadowy altar of Dithmenos.
    28 | D        | Found a sacrificial altar of Ru.
    30 | D        | Found Bouth's Staff Store.
    31 | D        | Found an iron altar of Okawaru.
    31 | D        | Found an opulent altar of Gozag.
    31 | D        | Found a burning altar of Makhleb.
    31 | D        | Found Jecem's Magic Scroll Shop.
    31 | D        | Found Odexyej's Must-Have Magic.
    31 | D        | Found Ixiarac's Magic Scroll Shop.
    39 | D        | Became a worshipper of Gozag Ym Sagoz the Greedy
    52 | D        | Reached skill level 4 in Maces & Flails
    52 | D        | Reached XP level 2. HP: 8/19 MP: 2/2
   101 | D        | Noticed Terence
   109 | D        | Killed Terence
   109 | D        | Arena points: 12 (+12) [x2]
   110 | D        | Reached skill level 6 in Maces & Flails
   110 | D        | Reached XP level 3. HP: 24/24 MP: 3/3
   121 | D        | Found Esaczij's Jewellery.
   121 | D        | Found Zeitacsi's Advanced Armour.
   168 | D        | Bought 6 potions of might for 168 gold pieces
   168 | D        | Bought 3 potions of haste for 210 gold pieces
   186 | D        | Round 2.
   188 | D        | Noticed Jessica
   188 | D        | Noticed Sigmund
   193 | D        | Killed Jessica
   194 | D        | Reached skill level 5 in Fighting
   194 | D        | Reached XP level 4. HP: 19/31 MP: 4/4
   195 | D        | Reached skill level 7 in Maces & Flails
   217 | D        | Killed Sigmund
   217 | D        | Arena points: 54 (+42) [x3]
   218 | D        | Reached skill level 10 in Maces & Flails
   218 | D        | Reached XP level 5. HP: 16/39 MP: 5/5
   218 | D        | Reached XP level 6. HP: 19/44 MP: 6/6
   249 | D        | Bought a +0 plate armour for 276 gold pieces
   255 | D        | Round 3.
   308 | D        | Noticed a rust devil
   314 | D        | Noticed a rust devil
   326 | D        | Mangled by a rust devil

Illustrated notes

Levels and vault maps discovered:
D:        arena_sprint

Skill      XL: |  1  2  3  4 |
---------------+-------------+-----
Fighting       | 3 4 5 7 |  7.9
Maces & Flails | 4 6 10 | 10.3
Throwing       | |  1.7
Dodging        | |  2.4

Action                     |  1- 3 |  4- 6 || total
---------------------------+-------+-------++-------
  Melee: Flail             |    24 |    35 ||    59
         Punch             |     1 |     1 ||     2
  Throw: Throwing net      |     1 |       ||     1
    Use: Potion            |       |     2 ||     2
 Armour: Leather armour    |    14 |     7 ||    21
         Plate armour      |       |     2 ||     2
  Dodge: Dodged            |    37 |    12 ||    49

Table legend: (Time is in decaauts)
 A = Elapsed time spent in this place.
 B = Non-inter-level travel time spent in this place.
 C = Inter-level travel time spent in this place.
 D = Time resting spent in this place.
 E = Time spent auto-exploring this place.
 F = Levels seen in this place.
 G = Mean time per level.
                   A        B        C        D        E       F      G
               +--------+--------+--------+--------+--------+-----+--------+
         Total |    328 |    328 |      0 |     74 |      0 |   1 |  328.0 |
       Dungeon |    328 |    328 |      0 |     74 |      0 |   1 |  328.0 |
               +--------+--------+--------+--------+--------+-----+--------+

Top non-repeatable levels by time:
       D: 328 daAuts
